 Dungeon Sprint DCSS version 0.22-a0-425-g89d60a1 (webtiles) character file.

3350 raistware the Devastator (level 9, -12/45 HPs)
             Began as a Deep Elf Conjurer on May 24, 2018.
             Was a High Priest of Vehumet.
             Mangled by a komodo dragon (22 damage)
             ... in the Dungeon (Sprint IX: "|||||||||||||||||||||||||||||").
             The game lasted 00:11:54 (1790 turns).

raistware the Devastator (Deep Elf Conjurer)        Turns: 1790, Time: 00:11:55

Health: -12/45     AC:  6    Str:  5    XL:     9   Next: 72%
Magic:  28/28      EV: 16    Int: 24    God:    Vehumet [*****.]
Gold:   0          SH:  0    Dex: 15    Spells: 15/34 levels left

rFire    . . .     SeeInvis +   m - +2 scimitar "Peahun" {freeze, *Noise rElec SInv}
rCold    . . .     Gourm    .   (no shield)
rNeg     . . .     Faith    .   a - +0 robe
rPois    .         Spirit   .   o - +0 helmet
rElec    +         Reflect  .   (no cloak)
rCorr    .         Harm     .   n - +0 pair of gloves
MR       .....     NoTele   +   (no boots)
Stlth    ++........             (no amulet)
HPRegen  0.15/turn              p - +2 ring of protection
MPRegen  0.21/turn              q - +2 ring of evasion

@: no status effects
A: no striking features
a: Renounce Religion


You were in the Dungeon.
You worshipped Vehumet.
Vehumet was extremely pleased with you.
You were not hungry.

You visited 1 branch

Inventory:

Hand Weapons
 b - a +0 dagger
 f - a +3 scimitar of flaming
 m - the +2 scimitar "Peahun" (weapon) {freeze, *Noise rElec SInv}
   (You found it in the Dungeon)

   It has been specially enchanted to freeze those struck by it, causing extra
   injury to most foes and up to half again as much damage against particularly
   susceptible opponents.
   It can also slow down cold-blooded creatures.
   It insulates you from electricity.
   It lets you see invisible.
   It may make noises in combat.
Armour
 a - a +0 robe (worn)
 n - a +0 pair of gloves (worn)
 o - a +0 helmet (worn)
Jewellery
 p - a +2 ring of protection (left hand)
 q - a +2 ring of evasion (right hand)
Wands
 l - a wand of acid (4)
Scrolls
 i - 3 scrolls of remove curse
 j - 2 scrolls of amnesia
 k - a scroll of blinking
 t - 2 scrolls of identify
 u - a scroll of fear
 v - 2 scrolls of enchant armour
 w - a scroll of fog
Potions
 d - 4 potions of curing
 e - 3 potions of heal wounds
 g - 3 potions of magic
 h - a potion of invisibility
 r - a potion of might
 s - a potion of haste
 x - 2 potions of mutation
Comestibles
 c - a ration


   Skills:
 - Level 3.9 Dodging
 - Level 2.4 Stealth
 + Level 13.1 Spellcasting
 + Level 19.2 Conjurations
 - Level 8.0 Earth Magic


You had 15 spell levels left.
You knew the following spells:

 Your Spells              Type           Power        Failure   Level  Hunger
a - Magic Dart            Conj           ####         0%          1    None
b - Searing Ray           Conj           ######       0%          2    None
c - Iskenderun's Mystic   Conj           #######.     0%          4    None
d - Stone Arrow           Conj/Erth      ######       1%          3    None
e - Sticky Flame          Conj/Fire      ######..     1%          4    None
f - Iskenderun's Battles  Conj/Chrm      ######..     1%          5    ###....

Your spell library contained the following spells:

 Spells                   Type           Power        Failure   Level  Hunger
 Fulminant Prism          Conj/Hex       ######....   1%          4    None
 Dazzling Spray           Conj/Hex       ######       1%          3    None
 Force Lance              Conj/Tloc      ######..     1%          4    None


Dungeon Overview and Level Annotations

Branches:
Dungeon (1/1)

Altars:
Cheibriados
Dithmenos
Elyvilon
Fedhas
Gozag
Hepliaklqana
Kikubaaqudgha
Makhleb
Nemelex Xobeh
Okawaru
Qazlal
Ru
Sif Muna
Trog
Uskayaw
Vehumet
Wu Jian
Xom
Yredelemnul
Zin
The Shining One
Beogh
Jiyva
Lugonu


Message History

The bolt of acid hits the komodo dragon.
The komodo dragon is splashed with acid.
The komodo dragon is severely wounded.
Evoke which item? (* to show all) (? for menu, Esc to quit)
Aiming: Corrosive Bolt
Press: ? - help, Shift-Dir - straight line, f/p - komodo dragon
Aim: a komodo dragon (severely wounded)
The bolt of acid hits the komodo dragon.
The komodo dragon is splashed with acid.
The komodo dragon is almost dead.
The komodo dragon misses you.
You riposte.
You barely miss the komodo dragon.
Your scimitar "Peahun" belts out, "Dying in battle is most honourable!"
The komodo dragon is almost dead.
Evoke which item? (* to show all) (? for menu, Esc to quit)
Aiming: Corrosive Bolt
Press: ? - help, Shift-Dir - straight line, f/p - komodo dragon
Aim: a komodo dragon (severely wounded)
The bolt of acid misses the komodo dragon.
The komodo dragon bites you!!
You die...

▓.▓_▓
▓.▓_▓
▓l▓.▓_▓
▓.▓.▓_▓
▓.▓.▓_▓
▓.▓.▓_▓
▓.▓.▓_▓
▓.▓.▓_▓
▓'▓@▓_▓
▓.▓l▓_▓
▓.▓.▓_▓
▓.▓.▓_▓
▓.▓.▓_▓
▓.▓.▓_▓
▓.▓.▓_▓
▓.▓.▓_▓
▓.▓.▓_▓


You could see a komodo dragon.

Vanquished Creatures
  A rime drake (D)
  3 komodo dragons (D)
  2 spiny frogs (D)
  An efreet (D)
  2 hippogriffs (D)
  A yak (D)
  A basilisk (D)
  A water moccasin (D)
  A porcupine (D)
  An orc warrior (D)
  An ice beast (D)
  A black bear (D)
  A crocodile (D)
  2 bullfrogs (D)
  2 scorpions (D)
  A crimson imp (D)
  A hound (D)
  A gnoll (D)
  An adder (D)
  A shadow imp (D)
  A dart slug (D)
  A bat zombie (D)
  2 bats (D)
  A frilled lizard (D)
  2 kobolds (D)
33 creatures vanquished.

Vanquished Creatures (others)
  A tengu warrior (D)
1 creature vanquished.

Grand Total: 34 creatures vanquished

Notes
Turn   | Place    | Note
-------+----------+-------------------------------------------
     0 | D        | raistware the Deep Elf Conjurer began the quest for the Orb.
     0 | D        | Reached XP level 1. HP: 10/10 MP: 6/6
     7 | D        | Reached skill level 5 in Conjurations
    29 | D        | Reached skill level 6 in Conjurations
   187 | D        | Noticed a crimson imp
   195 | D        | Reached XP level 2. HP: 12/15 MP: 2/8
   240 | D        | Reached skill level 7 in Conjurations
   252 | D        | Killed a crimson imp
   252 | D        | Reached skill level 9 in Conjurations
   252 | D        | Reached XP level 3. HP: 9/19 MP: 1/9
   256 | D        | Learned a level 2 spell: Searing Ray
   296 | D        | Found a roughly hewn altar of Beogh.
   296 | D        | Found a snail-covered altar of Cheibriados.
   296 | D        | Found a shadowy altar of Dithmenos.
   296 | D        | Found a white marble altar of Elyvilon.
   296 | D        | Found a blossoming altar of Fedhas.
   296 | D        | Found an opulent altar of Gozag.
   297 | D        | Found a hazy altar of Hepliaklqana.
   298 | D        | Found a viscous altar of Jiyva.
   299 | D        | Found an ancient bone altar of Kikubaaqudgha.
   300 | D        | Found a corrupted altar of Lugonu.
   301 | D        | Found a burning altar of Makhleb.
   302 | D        | Found a sparkling altar of Nemelex Xobeh.
   303 | D        | Found an iron altar of Okawaru.
   304 | D        | Found a stormy altar of Qazlal.
   305 | D        | Found a sacrificial altar of Ru.
   306 | D        | Found a deep blue altar of Sif Muna.
   307 | D        | Found a bloodstained altar of Trog.
   308 | D        | Found a hide-covered altar of Uskayaw.
   309 | D        | Found a radiant altar of Vehumet.
   310 | D        | Found an ornate altar of the Wu Jian Council.
   311 | D        | Found a shimmering altar of Xom.
   312 | D        | Found a basalt altar of Yredelemnul.
   313 | D        | Found a glowing silver altar of Zin.
   314 | D        | Found a glowing golden altar of the Shining One.
   317 | D        | Became a worshipper of Vehumet
   332 | D        | Got the +2 scimitar "Peahun" {freeze, *Noise rElec SInv}
   413 | D        | Noticed a scorpion
   413 | D        | Noticed a hippogriff
   413 | D        | Noticed a black bear
   413 | D        | Noticed a hippogriff
   413 | D        | Noticed an ice beast
   418 | D        | Killed an ice beast
   418 | D        | Reached skill level 11 in Conjurations
   418 | D        | Reached XP level 4. HP: 24/24 MP: 2/10
   418 | D        | Reached XP level 5. HP: 28/28 MP: 2/11
   441 | D        | Killed a hippogriff
   441 | D        | Reached skill level 14 in Conjurations
   441 | D        | Reached XP level 6. HP: 18/32 MP: 0/12
   463 | D        | Reached * piety under Vehumet
   463 | D        | Offered knowledge of Freeze by Vehumet.
   463 | D        | Reached skill level 15 in Conjurations
   464 | D        | Killed a hippogriff
   464 | D        | Reached skill level 16 in Conjurations
   464 | D        | Reached XP level 7. HP: 23/36 MP: 3/13
   475 | D        | Reached ** piety under Vehumet
   576 | D        | Learned a level 4 spell: Iskenderun's Mystic Blast
   622 | D        | Noticed a basilisk
   622 | D        | Noticed a tengu warrior
   622 | D        | Noticed an efreet
   638 | D        | Killed a tengu warrior
   673 | D        | Offered knowledge of Throw Frost by Vehumet.
   673 | D        | Reached skill level 17 in Conjurations
   673 | D        | Killed an efreet
   673 | D        | Reached XP level 8. HP: 20/41 MP: 2/20
   829 | D        | Offered knowledge of Stone Arrow by Vehumet.
   829 | D        | Reached *** piety under Vehumet
   901 | D        | Learned a level 3 spell: Stone Arrow
  1010 | D        | Noticed a komodo dragon
  1010 | D        | Noticed a spiny frog
  1010 | D        | Noticed a spiny frog
  1012 | D        | Killed a spiny frog
  1012 | D        | Offered knowledge of Sticky Flame by Vehumet.
  1018 | D        | Reached skill level 18 in Conjurations
  1019 | D        | Reached **** piety under Vehumet
  1019 | D        | Reached skill level 10 in Spellcasting
  1206 | D        | Learned a level 4 spell: Sticky Flame
  1212 | D        | Killed a spiny frog
  1212 | D        | Offered knowledge of Bolt of Magma by Vehumet.
  1212 | D        | Reached skill level 5 in Earth Magic
  1212 | D        | Reached XP level 9. HP: 25/45 MP: 14/25
  1222 | D        | Killed a komodo dragon
  1388 | D        | Reached ***** piety under Vehumet
  1388 | D        | Offered knowledge of Iskenderun's Battlesphere by Vehumet.
  1400 | D        | Learned a level 5 spell: Iskenderun's Battlesphere
  1490 | D        | Noticed a komodo dragon
  1490 | D        | Noticed a komodo dragon
  1490 | D        | Noticed a komodo dragon
  1490 | D        | Noticed a rime drake
  1496 | D        | Killed a rime drake
  1501 | D        | Killed a komodo dragon
  1501 | D        | Reached skill level 19 in Conjurations
  1505 | D        | Killed a komodo dragon
  1790 | D        | Mangled by a komodo dragon

Vault maps used:
D:        linesprint

Skill      XL: |  1  2  3  4  5  6  7  8  9 |
---------------+----------------------------+-----
Conjurations   | 6 9 11 14 16 17 18 19 | 19.2
Dodging        | 3 |  3.9
Spellcasting   | 6 10 13 | 13.1
Earth Magic    | 5 8 |  8.0
Stealth        | |  2.4

Action                   |  1- 3 |  4- 6 |  7- 9 || total
-------------------------+-------+-------+-------++-------
Melee: Unarmed           |    14 |       |       ||    14
       Dagger            |    13 |     2 |     2 ||    17
       Scimitar          |       |       |     2 ||     2
 Cast: Magic Dart        |    23 |     3 |     4 ||    30
       Searing Ray       |     1 |     1 |     6 ||     8
       Iskenderun's Myst |       |       |     9 ||     9
       Stone Arrow       |       |       |    18 ||    18
       Sticky Flame      |       |       |     6 ||     6
       Iskenderun's Batt |       |       |     1 ||     1
Evoke: Wand              |       |     2 |     4 ||     6
  Use: Potion            |     3 |     1 |     3 ||     7
       Scroll            |     1 |       |     1 ||     2
  Eat: Chunk             |       |       |     1 ||     1
       Ration            |       |       |     1 ||     1
Armor: Robe              |     8 |     6 |     3 ||    17
Dodge: Dodged            |    46 |    14 |    21 ||    81
       Rpst.: Scimitar   |       |       |     8 ||     8

Table legend:
 A = Spawn XP
 B = Non-spawn XP
 C = Spawn XP percentage of total XP
 D = Spawn monster count
 E = Non-spawn monster count
 F = Spawn count percentage of total count
 G = Total turns spent on level
                    A         B        C        D         E        F      G
               +---------+---------+-------+---------+---------+-------+---------
         Total |       0 |    4786 |   0.0 |       0 |      33 |   0.0 |  1790
               +---------+---------+-------+---------+---------+-------+---------
             D |       0 |    4786 |   0.0 |       0 |      33 |   0.0 |  1790
               +---------+---------+-------+---------+---------+-------+---------
